Map: Aura mortal EE

Players

MrFercho - Winner!

  • Race: Zerg Zerg
  • League: Silver
  • Spawn Location: 11:00

Masenjom

  • Race: Protoss Protoss
  • League: Bronze
  • Spawn Location: 5:00

VOD

Have the link to the VOD?

Description

Time

  • Played on: June 12, 2020, 7:35 p.m.
  • Length: 12:50
Show
View Real Time Build Order
Export as new Build Order

MrFercho Zerg - Winner!

Build Orders: Hatch First 

Get SALT Encoding   

  12  0:01  Drone  
  13  0:17  Overlord  
  13  0:19  Drone  
  14  0:35  Drone x2  
  16  0:59  Drone x2  
  16  1:02  Drone  
  19  1:04  Hatchery  
  18  1:11  Extractor  
  18  1:20  Drone  
  18  1:23  Spawning Pool, Drone  
  19  1:32  Extractor  
  18  1:34  Drone  
  19  1:44  Drone  
  20  1:56  Drone  
  21  2:05  Drone  
  22  2:15  Queen  
  22  2:20  Queen  
  22  2:22  Overlord x2  
  26  2:36  Drone x2  
  28  2:41  Overlord  
  28  2:42  Drone  
  29  2:49  Drone x2  
  31  3:02  Lair  
  31  3:04  Queen  
  33  3:06  Drone x2  
  35  3:13  Roach Warren  
  34  3:24  Drone x4  
  38  3:37  Drone  
  38  3:38  Drone x5  
  44  3:42  Extractor  
  44  3:44  Extractor  
  42  3:52  Drone x2  
  42  3:53  Overlord  
  44  4:14  Roach  
  44  4:15  Roach x3  
  52  4:30  Overlord x3  
  52  4:35  Overseer  
  52  4:42  Overseer  
  52  4:52  Spine Crawler  
  51  4:54  Spine Crawler, Drone x9  
  59  5:10  Hatchery  
  58  5:15  Evolution Chamber, Drone x4  
  61  5:25  Extractor, Drone x2  
  61  5:28  Drone  
  63  5:30  Drone  
  64  5:50  Drone x2  
  64  5:53  Drone  
  64  5:54  Drone x6  
  73  6:04  Roach  
  75  6:20  Overlord x2  
  75  6:34  Hydralisk Den, Roach  
  75  6:35  Roach x3  
  82  6:46  Drone x2  
  84  6:47  Extractor, Drone  
  84  6:49  Drone x2  
  84  6:50  Drone x4  
  84  6:51  Drone x2  
  84  6:52  Extractor  
  84  6:54  Overlord x3  
  91  6:59  Zerg Missile Weapons Level 1  
  91  7:08  Glial Reconstitution, Evolution Chamber  
  90  7:11  Drone x4  
  94  7:32  Hydralisk  
  94  7:33  Hydralisk x5  
  94  7:34  Hatchery  
  105  7:38  Hatchery  
  105  7:42  Zerg Ground Armor Level 1  
  102  7:49  Grooved Spines  
  102  7:53  Drone x6  
  108  8:14  Extractor  
  108  8:18  Extractor  
  106  8:21  Spine Crawler  
  106  8:23  Spine Crawler  
  106  8:24  Spore Crawler  
  106  8:26  Spore Crawler  
  102  8:27  Drone x3  
  102  8:28  Drone x6  
  107  9:01  Muscular Augments  
  101  9:05  Spine Crawler  
  101  9:07  Hydralisk x11  
  101  9:08  Hydralisk x3  
  127  9:13  Drone x4  
  131  9:17  Queen  
  133  9:28  Drone  
  133  9:30  Overlord x3  
  134  9:49  Hydralisk x6  
  134  9:50  Hydralisk x6  
  146  10:08  Hydralisk x6  
  158  10:35  Overlord x5  
  158  10:36  Overlord x4  
  158  10:50  Infestation Pit  
  158  10:54  Drone  
  158  10:55  Drone x5  
  158  10:56  Drone x6  
  170  10:57  Drone x2  
  170  10:58  Drone  
  172  11:15  Hydralisk x14  
  192  12:31  Hatchery  
Show
View Real Time Build Order
Export as new Build Order

Masenjom Protoss 

Build Orders:  

Get SALT Encoding   

  12  0:13  Pylon, Probe  
  13  0:24  Assimilator  
  13  0:40  Gateway  
  13  0:42  Probe  
  14  0:54  Probe  
  15  1:01  Forge  
  15  1:11  Probe  
  16  1:19  Probe  
  17  1:37  Cybernetics Core  
  17  1:52  Pylon  
  17  1:57  Protoss Ground Weapons Level 1  
  17  2:13  Stalker  
  19  2:23  Assimilator  
  19  2:43  Stalker  
  19  2:44  Twilight Council  
  21  3:11  Gateway  
  21  3:25  Stalker  
  23  3:36  Charge  
  23  3:40  Probe  
  24  3:52  Probe  
  25  4:01  Zealot x2  
  29  4:02  Gateway  
  29  4:12  Warp Gate  
  29  4:38  Probe  
  30  4:41  Pylon  
  30  4:47  Pylon  
  30  4:50  Pylon, Probe  
  31  4:54  Protoss Ground Weapons Level 2  
  31  4:58  Pylon  
  31  4:59  Zealot x2  
  35  5:06  Blink  
  35  5:08  Zealot  
  37  5:21  Probe  
  38  5:49  Nexus  
  38  5:59  Photon Cannon  
  38  6:07  Pylon  
  38  6:10  Pylon  
  38  6:17  Probe  
  39  6:25  Stalker x2  
  43  6:26  Stalker  
  43  6:29  Probe  
  46  6:43  Probe  
  47  6:55  Probe  
  47  6:56  Stalker x2  
  47  6:57  Stalker  
  54  7:08  Pylon  
  44  7:47  Zealot  
  44  7:48  Zealot x2  
  50  7:58  Gateway  
  50  8:00  Gateway  
  50  8:01  Gateway  
  50  8:09  Gateway  
  50  8:11  Probe  
  50  8:12  Probe  
  52  8:20  Probe  
  52  8:23  Zealot x2  
  52  8:24  Probe, Zealot  
  38  10:04  Stalker  
  38  10:05  Stalker x2  
  38  10:06  Stalker x2  
  40  10:07  Stalker x2  
  44  10:24  Probe  
  45  10:36  Probe  
  45  10:37  Stalker  
  45  10:38  Stalker x2  
  45  10:39  Stalker  
  45  10:40  Stalker x2  
  45  10:41  Stalker  
  60  10:59  Gateway  
  60  11:00  Gateway  
  60  11:02  Gateway  
  60  11:16  Stalker  
  60  11:17  Stalker x2  
  60  11:18  Stalker x2  
  68  11:19  Stalker x2  
  74  11:30  Probe  
  74  11:31  Pylon, Probe  
  76  11:42  Probe  
  76  11:43  Probe  
  78  11:51  Assimilator  
  78  11:57  Pylon  
  78  11:59  Zealot x2  
  78  12:00  Zealot x2  
  78  12:01  Zealot x2  
Tags
 
Matchup
PvZ
Replay Pack
MrFercho
Spawn Locations
Cross Positions
Add a new tag
Caveats
  • Supply blocks, unpowered buildings, or Contaminate may cause inaccurate times.
  • Supply counts are checked every 10 seconds.